 Dungeon Crawl Stone Soup version 0.21-a0-243-g597973d (webtiles) character file.

250 tidbits the Insei (level 5, -3/39 HPs)
             Began as a Demigod Transmuter on Sept 4, 2017.
             Shot with an arrow by a centaur (12 damage)
             ... on level 5 of the Dungeon.
             The game lasted 00:12:35 (2046 turns).

tidbits the Insei (Demigod Transmuter)              Turns: 2046, Time: 00:12:36

Health: -3/39      AC:  2    Str: 13    XL:     5   Next: 57%
Magic:  2/10       EV: 19    Int: 19    God:
Gold:   184        SH:  0    Dex: 21    Spells: 2/8 levels left

rFire    . . .     SeeInvis .     - Unarmed
rCold    . . .     Gourm    +   (shield currently unavailable)
rNeg     . . .     Faith    .   (armour currently unavailable)
rPois    x         Spirit   .   (helmet currently unavailable)
rElec    .         Reflect  .   (cloak currently unavailable)
rCorr    .         Harm     .   (gloves currently unavailable)
MR       .....                  (boots currently unavailable)
Stlth    ++........             t - amulet of the gourmand
HPRegen  0.13/turn              (no ring)
MPRegen  0.12/turn              (no ring)

@: spider-form, very slightly contaminated
A: high mp 1
a: End Transformation


You were on level 5 of the Dungeon.
You were not hungry.
You were a venomous arachnid creature.
You visited 1 branch of the dungeon, and saw 6 of its levels.

You collected 184 gold pieces.

Inventory:

Hand Weapons
 a - a +0 dagger of venom (melded)
   (You took it off a kobold on level 3 of the Dungeon)
Missiles
 e - 48 stones (quivered)
 y - 24 arrows
Armour
 b - a +0 robe (melded)
 F - a +0 pair of boots (melded)
Magical Staves
 E - an uncursed staff of summoning {unknown}
   (You found it on level 6 of the Dungeon)
Jewellery
 t - an amulet of the gourmand (around neck)
   (You found it on level 2 of the Dungeon)
 G - an uncursed ring of fire
   (You found it on level 6 of the Dungeon)
Wands
 x - a wand of iceblast (9/15)
Scrolls
 h - 2 scrolls of blinking {unknown}
 i - a scroll of magic mapping {unknown}
 p - a scroll of immolation {unknown}
 s - a scroll of enchant armour {unknown}
 u - a scroll of fear {unknown}
 v - a scroll of random uselessness {unknown}
 z - 3 scrolls of remove curse {unknown}
 A - a scroll of enchant weapon {unknown}
 C - a scroll of amnesia {unknown}
Potions
 f - a potion of resistance {unknown}
 g - a potion of heal wounds {unknown}
 j - 3 potions of lignification
 k - 3 potions of cancellation
 m - a potion of berserk rage {unknown}
 n - 2 potions of curing
 o - 2 potions of flight {unknown}
 q - a potion of agility {unknown}
 w - a potion of degeneration {unknown}
 B - a potion of brilliance {unknown}
 D - a potion of magic {unknown}
Books
 c - a book of Changes

   Spells                             Type                      Level
   a - Beastly Appendage              Transmutation                1
   b - Sticks to Snakes               Transmutation                2
   c - Spider Form                    Transmutation/Poison         3
   d - Ice Form                       Ice/Transmutation            4
   e - Blade Hands                    Transmutation                5
Comestibles
 d - 6 bread rations
 l - a fruit
 r - 2 meat rations


   Skills:
 - Level 0.8 Fighting
 - Level 1.7 Dodging
 * Level 5.1 Unarmed Combat
 - Level 2.0 Spellcasting
 + Level 3.4 Transmutations


You had 2 spell levels left.
You knew the following spells:

 Your Spells              Type           Power        Failure   Level  Hunger
e - Beastly Appendage     Tmut           ##....       13%         1    #......
k - Sticks to Snakes      Tmut           ##......     17%         2    ###....
p - Spider Form           Tmut/Pois      #.........   47%         3    ###....


Dungeon Overview and Level Annotations

Branches:
Dungeon (6/15)
 Temple: D:4-7


Innate Abilities, Weirdness & Mutations

You have an increased reservoir of magic. (+10% MP)


Message History

z - 3 scrolls labeled AQOAGI GYBUC (gained 1)
You see here a short jewelled staff.
E - a short jewelled staff You now have 184 gold pieces (gained 7).
Found a twisted bronze ring.
Found a stone staircase leading up.
Found a stone staircase leading up.
G - a twisted bronze ring Put on which piece of jewellery? (? for menu, Esc to quit)
You feel more attuned to fire.
G - a ring of fire (left hand) Remove which piece of jewellery? (? for menu, Esc to quit)
You remove your ring of fire.
There is a stone staircase leading up here.
There is a stone staircase leading up here.
You climb upwards.
A black bear comes into view.
There is a stone staircase leading down here.
The helpless black bear fails to defend itself.
You hit the black bear.
The black bear is poisoned.
The black bear is lightly wounded.
The black bear bites you. The black bear claws you.
The black bear claws you but does no damage.
Casting: Spider Form
Confirm with . or Enter, or press ? or * to list all spells.
You turn into a venomous arachnid creature.
Your +0 dagger of venom melds into your body.
Your +0 pair of boots melds into your body.
Your +0 robe melds into your body.
Your +0 dagger of venom stops dripping with poison.
The black bear completely misses you. The black bear misses you.
The black bear claws you.
You hit the black bear.
The black bear is heavily wounded.
The black bear barely misses you. The black bear claws you.
The black bear closely misses you.
You closely miss the black bear.
The black bear is heavily wounded.
The black bear completely misses you.
The black bear claws you but does no damage.
The black bear claws you.
You hit the black bear but do no damage.
The black bear looks as sick as possible!
The black bear is severely wounded.
Your transformation is almost over.
The black bear bites you. The black bear claws you. The black bear misses you.
You bite the black bear!
You kill the black bear!
Your Unarmed Combat skill increases to level 5!
There is a stone staircase leading down here.
You climb downwards.
There is a stone staircase leading up here.
Your transformation has ended.
Your +0 dagger of venom unmelds from your body.
Your +0 pair of boots unmelds from your body.
Your +0 robe unmelds from your body.
Your +0 dagger of venom begins to drip with poison!
There is a stone staircase leading up here.
Casting: Spider Form
Confirm with . or Enter, or press ? or * to list all spells.
You turn into a venomous arachnid creature.
Your +0 dagger of venom melds into your body.
Your +0 pair of boots melds into your body.
Your +0 robe melds into your body.
Your +0 dagger of venom stops dripping with poison.
You climb upwards.
There is a stone staircase leading down here.
Your transformation is almost over.
Found a scroll labeled LEHIAS MURHAE.
The centaur shouts!
The centaur wields a shortbow.
The centaur shoots an arrow.
The arrow barely misses you.
Found an arrow.
Your transformation has ended.
Your +0 dagger of venom unmelds from your body.
Your +0 pair of boots unmelds from your body.
Your +0 robe unmelds from your body.
Your +0 dagger of venom begins to drip with poison!
The centaur shoots an arrow.
The arrow hits you.
* * * LOW HITPOINT WARNING * * *
You see here an arrow.
Casting: Spider Form
Confirm with . or Enter, or press ? or * to list all spells.
You miscast Spider Form.
You are very lightly contaminated with residual magic.
You feel a strange surge of energy!
The centaur shoots an arrow.
The arrow hits you!
* * * LOW HITPOINT WARNING * * *
Casting: Spider Form
Confirm with . or Enter, or press ? or * to list all spells.
You turn into a venomous arachnid creature.
Your +0 dagger of venom melds into your body.
Your +0 pair of boots melds into your body.
Your +0 robe melds into your body.
Your +0 dagger of venom stops dripping with poison.
The centaur shoots an arrow.
The arrow barely misses you.
It was a potion of curing.
You feel better.
The centaur shoots an arrow.
The arrow hits you!
* * * LOW HITPOINT WARNING * * *
The centaur shoots an arrow.
The arrow hits you!
You die...

#####
#####..#
#.####...##
##.....#
#..>..#..##
##..##
#########.##
##8..8##
##.###...>..#
#..........#
##..c#8..8##
###.##..##
#..s####
#(##..# #.
#.... #+
...?# ..## ##
...# #. ...##
.. ..... ..
... #.


You could see a centaur.

Vanquished Creatures
  A black bear (D:5)
  A howler monkey (D:4)
  A worker ant (D:4)
  5 adders
  An ooze (D:3)
  A worm (D:3)
  A dart slug (D:2)
  2 leopard geckos
  An orc (D:4)
  4 goblins (D:1)
  A hobgoblin (D:3)
  4 jackals
  9 kobolds
  3 quokkas (D:3)
  7 bats
  6 frilled lizards
  A leopard gecko skeleton (D:4)
  A quokka zombie (D:5)
  4 rats
54 creatures vanquished.

Vanquished Creatures (collateral kills)
  A bat (D:1)
1 creature vanquished.

Grand Total: 55 creatures vanquished

Notes
Turn   | Place    | Note
-------+----------+-------------------------------------------
     0 | D:1      | tidbits the Demigod Transmuter began the quest for the Orb.
     0 | D:1      | Reached XP level 1. HP: 15/15 MP: 5/5
    57 | D:1      | Reached skill level 2 in Spellcasting
   173 | D:1      | Reached skill level 2 in Transmutations
   233 | D:1      | Reached skill level 3 in Unarmed Combat
   233 | D:1      | Reached XP level 2. HP: 9/22 MP: 5/7
   237 | D:1      | Learned a level 2 spell: Sticks to Snakes
   585 | D:2      | Found an opulent altar of Gozag.
   791 | D:2      | Reached XP level 3. HP: 27/27 MP: 6/8
   796 | D:2      | Learned a level 3 spell: Spider Form
  1172 | D:3      | Reached skill level 4 in Unarmed Combat
  1183 | D:4      | Found a hide-covered altar of Uskayaw.
  1183 | D:4      | Noticed a hand axe
  1183 | D:4      | Noticed a hand axe
  1236 | D:3      | Reached XP level 4. HP: 27/34 MP: 7/9
  1795 | D:4      | Reached skill level 3 in Transmutations
  1795 | D:4      | Reached XP level 5. HP: 25/39 MP: 5/10
  1808 | D:5      | Entered Level 5 of the Dungeon
  1819 | D:5      | Noticed a centaur
  1866 | D:4      | Found an iron altar of Okawaru.
  2006 | D:5      | Noticed a black bear
  2012 | D:5      | Killed a black bear
  2012 | D:5      | Reached skill level 5 in Unarmed Combat
  2046 | D:5      | Shot with an arrow by a centaur

Vault maps used:
D:1:      lightli_arrival_boilingwater, serial_glass, glass_columns_b,
          glass_columns_b, glass_columns_a, glass_columns_c, glass_columns_b,
          glass_columns_c, glass_columns_a, glass_columns_a, minmay_hedge_maze,
          st_stairs_13, minmay_misc_feat_diagonals, hex_tiny, minmay_lizard_king
D:2:      nicolae_gozag_seed_capital, first_bread, grunt_ministairs_5,
          uniq_crazy_yiuf_cottage
D:4:      okawaru_ov_weapons_minmay, dancing_weapons_uskayaw, minivault_24
D:5:      kennysheep_little_box, zin_academy, st_stairs_6,
          kennysheep_generic_room_13
D:6:      nicolae_dithmenos_the_darkroom, lemuel_coloured_pillars_altar,
          minmay_temple_entry_glassed_door, serial_shops, shop,
          nemelex_xobeh_ov_fountains_minmay, uniq_pikel

Skill      XL: |  1  2  3  4  5 |
---------------+----------------+-----
Spellcasting   | 2 |  2.0
Transmutations | 2 3 |  3.4
Unarmed Combat | 3 4 5 |  5.1
Fighting       | |  0.8
Dodging        | |  1.7

Action                   |  1- 3 |  4- 6 || total
-------------------------+-------+-------++-------
Melee: Unarmed           |   103 |    40 ||   143
       Headbutt          |     9 |       ||     9
       Punch             |     1 |       ||     1
       Dagger            |       |    12 ||    12
Throw: Stone             |    13 |       ||    13
 Cast: Beastly Appendage |    23 |       ||    23
       Sticks to Snakes  |     5 |     2 ||     7
       Spider Form       |     7 |    12 ||    19
  Use: Scroll            |     2 |     1 ||     3
       Potion            |       |     1 ||     1
 Stab: Sleeping          |     1 |     3 ||     4
  Eat: Chunk             |     4 |     5 ||     9
Armor: Robe              |    25 |     5 ||    30
       Skin              |     4 |     4 ||     8
Dodge: Dodged            |    75 |    37 ||   112

Table legend:
 A = Spawn XP
 B = Non-spawn XP
 C = Spawn XP percentage of total XP
 D = Spawn monster count
 E = Non-spawn monster count
 F = Spawn count percentage of total count
 G = Total turns spent on level
                    A         B        C        D         E        F      G
               +---------+---------+-------+---------+---------+-------+---------
         Total |       2 |     356 |   0.6 |       1 |      54 |   1.8 |  2046
               +---------+---------+-------+---------+---------+-------+---------
           D:1 |       2 |      27 |   6.9 |       1 |      18 |   5.3 |   561
           D:2 |       0 |      69 |   0.0 |       0 |      14 |   0.0 |   566
           D:3 |       0 |      46 |   0.0 |       0 |      15 |   0.0 |   481
           D:4 |       0 |      89 |   0.0 |       0 |       5 |   0.0 |   302
           D:5 |       0 |     125 |   0.0 |       0 |       2 |   0.0 |    83
               +---------+---------+-------+---------+---------+-------+---------

Table legend:
 A = Turns spent in this place as a percentage of turns spent in the entire game.
 B = Non-inter-level travel turns spent in this place as a percentage of non-inter-level travel turns spent in the entire game.
 C = Inter-level travel turns spent in this place as a percentage of turns spent in this place.
 D = Turns resting spent in this place as a percentage of non-inter-level travel turns spent in this place.
 E = Turns spent auto-exploring this place as a percentage of non-inter-level travel turns spent in this place.
 F = Non-inter-level travel turns spent in this place divided by the number of levels of this place that you've seen.
                   A       B       C       D       E      F
               +-------+-------+-------+-------+-------+----------------------
         Total | 100.0 | 100.0 |   5.8 |   0.0 |   0.0 | 321.2
       Dungeon | 100.0 | 100.0 |   5.8 |   0.0 |   0.0 | 321.2
               +-------+-------+-------+-------+-------+----------------------

Table legend:
 A = Kills in this place as a percentage of kills in entire the game.
 B = Kills by you in this place as a percentage of kills by you in the entire game.
 C = Kills by friends in this place as a percentage of kills by friends in the entire game.
 D = Other kills in this place as a percentage of other kills in the entire game.
 E = Experience gained in this place as a percentage of experience gained in the entire game.
 F = Experience gained in this place divided by the number of levels of this place that you have seen.
                   A       B       C       D       E      F
               +-------+-------+-------+-------+-------+----------------------
         Total | 100.0 | 100.0 | 100.0 |   N/A | 100.0 |  59.7
       Dungeon | 100.0 | 100.0 | 100.0 |   N/A | 100.0 |  59.7
               +-------+-------+-------+-------+-------+----------------------

Vault maps used:
D:1:      lightli_arrival_boilingwater, serial_glass, glass_columns_b,
          glass_columns_b, glass_columns_a, glass_columns_c, glass_columns_b,
          glass_columns_c, glass_columns_a, glass_columns_a, minmay_hedge_maze,
          st_stairs_13, minmay_misc_feat_diagonals, hex_tiny, minmay_lizard_king
D:2:      nicolae_gozag_seed_capital, first_bread, grunt_ministairs_5,
          uniq_crazy_yiuf_cottage
D:4:      okawaru_ov_weapons_minmay, dancing_weapons_uskayaw, minivault_24
D:5:      kennysheep_little_box, zin_academy, st_stairs_6,
          kennysheep_generic_room_13
D:6:      nicolae_dithmenos_the_darkroom, lemuel_coloured_pillars_altar,
          minmay_temple_entry_glassed_door, serial_shops, shop,
          nemelex_xobeh_ov_fountains_minmay, uniq_pikel
